 Dungeon Crawl Stone Soup version 0.21.1-1-g345015f (webtiles) character file.

382 johnjohn the Chopper (level 6, -3/56 HPs)
             Began as a Hill Orc Fighter on May 15, 2018.
             Slain by a hippogriff (5 damage)
             ... on level 4 of the Dungeon.
             The game lasted 00:12:48 (2994 turns).

johnjohn the Chopper (Hill Orc Fighter)             Turns: 2994, Time: 00:12:49

Health: -3/56      AC:  8    Str: 19    XL:     6   Next: 76%
Magic:  6/6        EV:  8    Int:  8    God:
Gold:   140        SH:  9    Dex: 12    Spells: 5/5 levels left

rFire    . . .     SeeInvis .   a - +0 war axe
rCold    . . .     Gourm    .   c - +0 shield
rNeg     . . .     Faith    .   d - +0 ring mail
rPois    .         Spirit   .   l - +0 helmet
rElec    .         Reflect  .   (no cloak)
rCorr    .         Harm     .   (no gloves)
MR       .....                  p - +0 pair of boots
Stlth    +.........             (no amulet)
HPRegen  0.18/turn              (no ring)
MPRegen  0.10/turn              (no ring)

@: no status effects
A: no striking features
a: no special abilities


You were on level 4 of the Dungeon.
You were not hungry.

You visited 1 branch of the dungeon, and saw 4 of its levels.

You collected 140 gold pieces.

Inventory:

Hand Weapons
 a - a +0 war axe (weapon)
Missiles
 t - an exploding tomahawk (quivered)
Armour
 c - a +0 shield (worn)
 d - a +0 ring mail (worn)
 l - a +0 helmet (worn)
 p - a +0 pair of boots (worn)
Scrolls
 b - a scroll of immolation {unknown}
 e - a scroll of teleportation {unknown}
 j - 2 scrolls of remove curse
 k - a scroll of fog
 m - a scroll of enchant armour {unknown}
 q - 2 scrolls of identify
 r - 3 scrolls of magic mapping
Potions
 g - a potion of cancellation {unknown}
 h - a potion of flight {unknown}
 i - 2 potions of brilliance
 n - a potion of invisibility {unknown}
 o - a potion of ambrosia {unknown}
 s - 2 potions of agility {unknown}
 v - a potion of curing {unknown}
Comestibles
 f - 9 rations
 u - 5 chunks of flesh


   Skills:
 + Level 5.4 Fighting
 * Level 7.0 Axes
 - Level 3.9 Armour
 - Level 0.2 Dodging
 - Level 3.9 Shields


You had 5 spell levels left.
You didn't know any spells.

Dungeon Overview and Level Annotations

Branches:
Dungeon (4/15)
 Temple: D:4-7

Altars:

Annotations:
D:3 kirsanium's ghost, amateur DrFE


Message History

You slice the hippogriff!!
The hippogriff is almost dead.
The hippogriff bites you but does no damage.
The hippogriff pecks you. The hippogriff claws you.
You hit the hippogriff.
The hippogriff is almost dead.
You block the hippogriff's attack. The hippogriff barely misses you.
The hippogriff claws you but does no damage.
You hit the hippogriff but do no damage.
The hippogriff is almost dead.
The hippogriff bites you!
* * * LOW HITPOINT WARNING * * *
You block the hippogriff's attack. The hippogriff claws you.
* * * LOW HITPOINT WARNING * * *
The hippogriff bites you.
* * * LOW HITPOINT WARNING * * *
The hippogriff pecks you.
* * * LOW HITPOINT WARNING * * *
The hippogriff claws you.
You die...

#. #. ##.# ... # ...
#.### .# ### .#.
#...######.# #.. ..
# ###.......#
##.##.##.#
#...####H###
......... . #.###
###@#.###.#.........
...
#.......#.#.###.#...
###
#.##............#...
#.##.###.##†##......
#.##.# #.##<##..#...
#.##.###.##÷##.##...
#.##.....##)...[....
#.........##........
####.#.##.##.....##.


You could see a hippogriff.

Vanquished Creatures
  A phantom (D:4)
  A bullfrog (D:1)
  An orc priest (D:3)
  An orc wizard (D:4)
  6 adders
  An adder skeleton (D:4)
  4 worms
  2 dart slugs
  3 leopard geckos
  16 orcs
  8 bats
  3 giant cockroaches
  3 goblins
  6 hobgoblins
  7 jackals
  2 quokkas
  A ball python (D:3)
  2 frilled lizards
  5 kobolds
  15 rats
88 creatures vanquished.

Notes
Turn   | Place    | Note
-------+----------+-------------------------------------------
     0 | D:1      | johnjohn the Hill Orc Fighter began the quest for the Orb.
     0 | D:1      | Reached XP level 1. HP: 19/19 MP: 1/1
    58 | D:1      | Reached XP level 2. HP: 25/27 MP: 2/2
   307 | D:1      | Reached skill level 3 in Axes
   545 | D:1      | Reached XP level 3. HP: 31/33 MP: 3/3
   745 | D:2      | Noticed a bullfrog
   772 | D:1      | Killed a bullfrog
   772 | D:1      | Reached skill level 4 in Axes
   772 | D:1      | Reached XP level 4. HP: 14/40 MP: 4/4
  1121 | D:2      | Reached XP level 5. HP: 45/47 MP: 5/5
  1591 | D:3      | Noticed kirsanium's ghost (amateur DrFE)
  1759 | D:3      | Reached skill level 5 in Axes
  2649 | D:4      | Noticed a phantom
  2659 | D:4      | Reached XP level 6. HP: 54/55 MP: 6/6
  2673 | D:3      | Reached skill level 5 in Fighting
  2673 | D:3      | Reached skill level 6 in Axes
  2804 | D:4      | Killed a phantom
  2805 | D:4      | Reached skill level 7 in Axes
  2978 | D:4      | Noticed a hippogriff
  2994 | D:4      | HP: 2/56 [hippogriff (2)]
  2994 | D:4      | Slain by a hippogriff

Skill      XL: |  1  2  3  4  5  6 |
---------------+-------------------+-----
Axes           | 3 4 5 7 |  7.0
Fighting       | 4 5 |  5.4
Armour         | |  3.9
Dodging        | |  0.2
Shields        | |  3.9

Action                   |  1- 3 |  4- 6 || total
-------------------------+-------+-------++-------
Melee: War axe           |    77 |   209 ||   286
Throw: Tomahawk          |       |     2 ||     2
  Use: Scroll            |     3 |     2 ||     5
       Potion            |     1 |       ||     1
  Eat: Chunk             |       |     7 ||     7
Armor: Scale mail        |    35 |    32 ||    67
       Ring mail         |       |    49 ||    49
Dodge: Dodged            |    34 |    70 ||   104
Block: Shield            |    38 |   121 ||   159
